 Seeded DCSS version 0.28.0-53-g5a82cb258f (webtiles) character file.

Game seed: 5819556540278030217 (custom seed)

77601 bwicke the Severer (level 15, -10/198 (202) HPs)
             Began as a Palentonga Abyssal Knight on Aug 10, 2022.
             Was the Champion of Lugonu.
             Shot with an arrow by a deep elf archer (19 damage)
             ... on level 13 of the Dungeon.
             The game lasted 01:20:42 (18247 turns).

bwicke the Severer (Palentonga Abyssal Knight)     Turns: 18247, Time: 01:20:43

HP:   -10/198 (202) AC: 23    Str: 22    XL:     15   Next: 15%
MP:   0/25          EV: 11    Int: 12    God:    Lugonu [******]
Gold: 1294          SH:  0    Dex: 13    Spells: 14/14 levels left

rFire   + . .      SeeInvis +   o - +8 frozen axe "Frostbite" {freezing cloud, *Noise Fly rC+}
rCold   + . .      Faith    .   (shield currently unavailable)
rNeg    . . .      Spirit   +   H - +0 acid dragon scales
rPois   +          Reflect  .   c - +2 helmet
rElec   .          Harm     .   M - +1 cloak
rCorr   +          Rampage  .   (no gloves)
Will    +....                   b - +1 barding
Stlth   ..........              p - amulet of guardian spirit
HPRegen 1.23/turn               i - +4 ring of evasion
MPRegen 0.19/turn               C - ring of poison resistance

@: berserking, on fire, silenced, flying, glowing, lightly drained, curled up,
very quick
A: large, rugged brown scales 3, see invisible, deformed body, roll 1, armoured
tail, reflexive curl, agile 1, fire resistance 1, regeneration 1
a: Rolling Charge, Renounce Religion


You were on level 13 of the Dungeon.
You worshipped Lugonu.
Lugonu was exalted by your worship.
You visited 2 branches of the dungeon, and saw 19 of its levels.
You visited the Abyss 1 time.

You collected 1478 gold pieces.
You spent 184 gold pieces at shops.

Inventory:

Hand Weapons
 o - the +8 frozen axe "Frostbite" (weapon) {freezing cloud, *Noise Fly rC+}
   (You acquired it on level 3 of the Dungeon)

   It freezes those it strikes, dealing additional cold damage.
   It can also slow down cold-blooded creatures.
   It occasionally leaves clouds of freezing vapour upon striking a foe.
   It grants immunity to clouds of freezing vapour.
   rC:        It protects you from cold.
   Fly:       It grants you flight.
   *Noise:    It may make noises in combat.
 y - a +5 vampiric war axe
 G - a +0 rapier of holy wrath
 J - a +4 trident of freezing
 K - the +7 whip "Kenur" {venom, rF- Will+ Str+3}
   (You found it on level 3 of the Lair of Beasts)

   It poisons the flesh of those it strikes.
   Str:       It affects your strength (+3).
   rF:        It makes you vulnerable to fire.
   Will:      It increases your willpower.
 W - a +0 war axe of electrocution
Missiles
 f - 42 poisoned darts
 m - a throwing net
 n - 4 curare-tipped darts
 L - 10 atropa-tipped darts
 O - 4 silver javelins
Armour
 b - a +1 barding (worn)
 c - a +2 helmet (worn)
 u - +0 ice dragon scales
 H - +0 acid dragon scales (worn)
 M - a +1 cloak (worn)
 Z - a +2 plate armour of willpower
Magical Staves
 k - a staff of cold
Jewellery
 i - a +4 ring of evasion (left hand)
 p - an amulet of guardian spirit (around neck)
 q - a +6 ring of dexterity
 C - a ring of poison resistance (right hand)
 I - a ring of willpower
 N - a ring of willpower
Wands
 e - a wand of iceblast (14)
 j - a wand of mindburst (13)
 s - a wand of polymorph (24)
 t - a wand of flame (10)
 P - a wand of acid (5)
 Q - a wand of paralysis (6)
 S - a wand of charming (7)
Scrolls
 r - 2 scrolls of vulnerability
 w - 6 scrolls of teleportation
 x - 2 scrolls of blinking
 A - a scroll of fear
 F - 3 scrolls of fog
 R - a scroll of torment
 T - 2 scrolls of magic mapping
 U - 3 scrolls of silence
 V - 3 scrolls of immolation
Potions
 a - 2 potions of magic {unknown}
 d - a potion of cancellation {unknown}
 h - a potion of heal wounds {unknown}
 l - 7 potions of curing
 z - 6 potions of might
 B - 4 potions of resistance
 D - 2 potions of degeneration {unknown}
 E - 3 potions of lignification {unknown}
 X - a potion of haste
 Y - 2 potions of attraction {unknown}


   Skills:
 - Level 14.9 Fighting
 - Level 17.8 Axes
 - Level 1.5 Armour
 - Level 0.7 Dodging
 + Level 13.4 Invocations
 - Level 8.4 Evocations


You had 14 spell levels left.
You didn't know any spells.
Your spell library contained the following spells:

 Spells                   Type           Power      Damage    Failure   Level
 Foxfire                  Conj/Fire      0%         2x1d4     38%         1
 Ensorcelled Hibernation  Hex/Ice        0%         N/A       54%         2
 Static Discharge         Conj/Air       0%         N/A       54%         2
 Conjure Flame            Conj/Fire      0%         6-21      77%         3
 Inner Flame              Hex/Fire       0%         N/A       77%         3
 Spider Form              Tmut/Pois      0%         N/A       77%         3
 Tukima's Dance           Hex            0%         N/A       77%         3
 Anguish                  Hex/Necr       0%         N/A       99%         4
 Dispel Undead            Necr           0%         3d6       99%         4
 Flame Wave               Conj/Fire      0%         2d4       99%         4
 Fulminant Prism          Conj/Hex       0%         3d6       99%         4
 Iskenderun's Mystic Bla  Conj/Tloc      0%         2d3       99%         4
 Sticky Flame             Conj/Fire      0%         2d3       99%         4
 Lee's Rapid Deconstruct  Erth           0%         3d5*      100%        5
 Enfeeble                 Hex            0%         N/A       100%        7


Dungeon Overview and Level Annotations

Branches:
Dungeon (13/15)            Temple (0/1) D:4            Lair (6/6) D:11
 Shoals (0/4) Lair:4        Snake (0/4) Lair:3        Slime (0/5) Lair:6
    Orc (0/2) D:10
 Vaults: D:13-14

Altars:
Cheibriados
Yredelemnul
Jiyva

Shops:
D:11 (?


Innate Abilities, Weirdness & Mutations

You are completely covered in rugged brown scales. (AC +3, +7% HP)
You have supernaturally acute eyesight. (SInv)
Armour fits poorly on your strangely shaped body.
You can roll at nearby foes to attack.
You have a long armoured tail.
You curl defensively after being hit. (AC +7*)
You are agile. (Dex +2)
Your flesh is heat resistant. (rF+)
Your natural rate of healing is unusually fast.


Message History

The deep elf pyromancer points at you and mumbles some strange words.
The sticky flame hits you but does no damage.
You are covered in liquid flames!
The deep elf archer hits you but does no damage.
You feel drained.
A red film seems to cover your vision as you go berserk!
You feel yourself moving faster!
You feel mighty!
You are covered in liquid flames!
* * * LOW HITPOINT WARNING * * *
The deep elf pyromancer casts a spell.
The deep elf pyromancer blinks!
The deep elf archer hits you but does no damage.
You feel drained.
The catoblepas breathes a plume of calcifying dust at you.
The blast of calcifying dust hits the deep elf archer.
The blast of calcifying dust hits you.
* * * LOW HITPOINT WARNING * * *
You are too berserk!
Unknown command.
You feel a strong urge to attack something.
You are covered in liquid flames!
* * * LOW HITPOINT WARNING * * *
The deep elf archer completely misses you.
You are too berserk!
You are too berserk!
You are too berserk!
You are too berserk!
Okay, then.
Unknown command.
You closely miss the deep elf knight.
Your tail-slap misses the deep elf knight.
You miss the deep elf archer.
You are covered in liquid flames!
The deep elf archer is engulfed in calcifying dust.
The deep elf archer is moving more slowly.
The deep elf archer unwields a +2 short sword of draining.
The deep elf archer wields a +2 shortbow of freezing.
It is covered in frost.
The deep elf archer shoots an arrow.
The arrow hits you!!
You die...

# ####.
.....#
##...#
##....e##
#....e(@##
......e.§#
../....ee+
......§..#
#....Y..##
##.....##
##...#
##+#


You could see a catoblepas, a deep elf demonologist, 2 deep elf archers, a deep
elf knight and a deep elf pyromancer.

Vanquished Creatures
  Nessos (D:12)
  A fire dragon (Lair:6)
  An ice dragon (Lair:6)
  An ogre mage (D:11)
  7 hydras
  9 two-headed ogres
  3 boulder beetles (Lair:3)
  A centaur warrior (D:10)
  9 death yaks
  Sonja (Lair:5)
  A swamp dragon (Lair:6)
  4 lindwurms
  A wolf spider (Lair:3)
  A deep elf pyromancer (D:12)
  A slime creature (D:12)
  A cyclops (D:11)
  3 manticores
  3 ugly things
  16 elephants
  2 black mambas
  13 cane toads
  5 torpor snails (Lair:6)
  3 unseen horrors
  6 rime drakes
  A kobold demonologist (D:11)
  16 komodo dragons
  A polar bear (Lair:6)
  3 tyrant leeches (Lair:6)
  8 hornets
  Grinder (D:5)
  A meliai zombie (D:11)
  34 blink frogs
  Prince Ribbit (D:5)
  3 jumping spiders (Lair:3)
  A spriggan (Lair:4)
  A vampire (D:11)
  A shadow (D:6)
  4 wyverns
  2 wraiths
  Sigmund (D:5)
  42 yaks
  4 steam dragons
  A redback (Lair:3)
  3 basilisks
  3 acid dragons
  2 swamp drakes (Lair:6)
  A black bear (D:7)
  4 orc warriors
  11 water moccasins
  4 ogres
  2 sky beasts
  2 ice beasts (D:8)
  3 necrophages (D:5)
  52 wolves
  4 centaurs
  A phantom (D:7)
  2 kobold brigands
  Blork the orc (D:5)
  9 bullfrogs
  3 scorpions
  3 water moccasin zombies
  2 water moccasin skeletons
  3 killer bees (D:8)
  16 wights
  A howler monkey (D:8)
  A human zombie (D:5)
  A lava snake (Lair:3)
  6 centaur zombies
  3 bullfrog zombies
  5 hounds
  A gnoll shaman (D:10)
  5 orc priests
  A bullfrog skeleton (D:5)
  2 centaur skeletons
  11 iguanas
  7 orc wizards
  12 hell rats
  Ijyb (D:4)
  2 killer bee zombies
  A hound skeleton (D:4)
  A mummy (D:5)
  2 howler monkey zombies
  Robin (D:2)
  4 gnolls (D:10)
  3 adders
  A shadow imp (D:7)
  A worm (D:3)
  4 dart slugs
  29 orcs
  7 ball pythons
  5 bats
  3 endoplasms
  3 giant cockroaches
  15 goblins
  4 hobgoblins
  10 jackals
  16 kobolds
  4 quokkas
  5 frilled lizards
  6 rats
  A bush (Lair:3)
536 creatures vanquished.

Vanquished Creatures (collateral kills)
  A death yak (Lair:3)
  A lava snake (Lair:3)
2 creatures vanquished.

Vanquished Creatures (others)
  A centaur zombie (D:7)
  A bush (Lair:6)
  41 fungi
  70 plants
113 creatures vanquished.

Grand Total: 651 creatures vanquished

Notes
Turn   | Place    | Note
-------+----------+-------------------------------------------
     0 | Abyss:1  | bwicke the Palentonga Abyssal Knight began the quest for
                  | the Orb.
     0 | Abyss:1  | Reached XP level 1. HP: 19/19 MP: 2/2
     8 | D:1      | Escaped the Abyss
    99 | D:1      | Reached XP level 2. HP: 25/25 MP: 3/3
   108 | D:1      | Reached skill level 3 in Axes
   126 | D:1      | Reached ** piety under Lugonu
   163 | D:1      | Reached XP level 3. HP: 21/31 MP: 4/4
   891 | D:2      | You fall into a shaft and drop 1 floor!
   913 | D:2      | Reached skill level 4 in Axes
  1379 | D:2      | Noticed Robin
  1391 | D:2      | Reached XP level 4. HP: 36/37 MP: 3/5
  1398 | D:2      | Killed Robin
  1525 | D:2      | Found a faded altar of an unknown god.
  1653 | D:2      | Found a snail-covered altar of Cheibriados.
  1843 | D:2      | Reached *** piety under Lugonu
  2049 | D:3      | Reached XP level 5. HP: 29/43 MP: 2/7
  2166 | D:3      | Identified a scroll of acquirement
  2166 | D:3      | Acquired the +8 frozen axe "Frostbite" {freezing cloud,
                  | *Noise Fly rC+}
  2166 | D:3      | Found the +8 frozen axe "Frostbite" {freezing cloud, *Noise
                  | Fly rC+}
  2499 | D:3      | Reached skill level 12 in Axes
  2499 | D:3      | Reached XP level 6. HP: 50/50 MP: 8/8
  2731 | D:4      | Reached skill level 13 in Axes
  2895 | D:4      | Noticed Ijyb
  2897 | D:4      | Killed Ijyb
  2898 | D:4      | Gained mutation: You curl defensively after being hit. (AC
                  | +7*) [Palentonga growth]
  2898 | D:4      | Reached XP level 7. HP: 53/55 MP: 9/9
  3138 | D:4      | Found a staircase to the Ecumenical Temple.
  3244 | D:5      | Entered Level 5 of the Dungeon
  3244 | D:5      | Noticed Grinder
  3247 | D:5      | Killed Grinder
  3305 | D:5      | Noticed Sigmund
  3307 | D:5      | Killed Sigmund
  3363 | D:5      | Noticed Prince Ribbit
  3376 | D:5      | Noticed Blork the orc
  3386 | D:5      | Killed Blork the orc
  3387 | D:5      | Reached XP level 8. HP: 57/62 MP: 10/10
  3404 | D:5      | Killed Prince Ribbit
  3500 | D:5      | Reached skill level 14 in Axes
  3518 | D:5      | Reached **** piety under Lugonu
  3709 | D:5      | Found a basalt altar of Yredelemnul.
  3899 | D:6      | Reached XP level 9. HP: 68/68 MP: 11/11
  4214 | D:6      | Reached skill level 5 in Fighting
  5394 | D:7      | Reached XP level 10. HP: 70/80 MP: 12/12
  6512 | D:8      | Reached ***** piety under Lugonu
  7072 | D:9      | Noticed a two-headed ogre
  7077 | D:9      | Killed a two-headed ogre
  7083 | D:9      | Reached skill level 10 in Fighting
  7231 | D:9      | Noticed a two-headed ogre
  7236 | D:9      | Killed a two-headed ogre
  7717 | D:9      | Noticed a two-headed ogre
  7721 | D:9      | Killed a two-headed ogre
  7722 | D:9      | Reached XP level 11. HP: 99/99 MP: 13/13
  7946 | D:10     | Entered Level 10 of the Dungeon
  7946 | D:10     | Noticed a two-headed ogre
  7949 | D:10     | Killed a two-headed ogre
  7986 | D:10     | Noticed a centaur warrior
  8008 | D:10     | Killed a centaur warrior
  8009 | D:10     | Reached skill level 5 in Invocations
  8677 | D:10     | Noticed a cyan ugly thing
  8682 | D:10     | Killed a cyan ugly thing
  8853 | D:10     | Found a staircase to the Orcish Mines.
  9102 | D:11     | Noticed a two-headed ogre
  9104 | D:11     | Killed a two-headed ogre
  9218 | D:11     | Found Bil Gyo's Antique Weapon Boutique.
  9321 | D:11     | Found a staircase to the Lair.
  9335 | D:11     | Reached skill level 10 in Invocations
  9338 | D:11     | Noticed a two-headed ogre
  9340 | D:11     | Killed a two-headed ogre
  9345 | D:11     | Noticed a two-headed ogre
  9353 | D:11     | Killed a two-headed ogre
  9519 | D:11     | Noticed an ogre mage
  9520 | D:11     | Found Deihebio's Magic Scroll Boutique.
  9524 | D:11     | Noticed a two-headed ogre
  9540 | D:11     | Killed an ogre mage
  9541 | D:11     | Reached XP level 12. HP: 92/107 MP: 20/20
  9557 | D:11     | Killed a two-headed ogre
  9674 | D:11     | Noticed a two-headed ogre
  9684 | D:11     | Banished a two-headed ogre
  9766 | D:11     | Noticed an eight-headed hydra
  9845 | D:11     | Banished an eight-headed hydra
  9846 | D:11     | Reached skill level 1 in Evocations
  9958 | D:11     | Bought a scroll of identify for 32 gold pieces
  9958 | D:11     | Bought a scroll of identify for 32 gold pieces
  9958 | D:11     | Bought a scroll of enchant weapon for 120 gold pieces
 10170 | Lair:1   | Entered Level 1 of the Lair of Beasts
 10378 | Lair:1   | Noticed a six-headed hydra
 10383 | Lair:1   | Killed an eight-headed hydra
 10405 | Lair:1   | Reached skill level 5 in Evocations
 11870 | Lair:2   | Reached XP level 13. HP: 113/113 MP: 22/22
 12509 | Lair:3   | Reached skill level 15 in Axes
 12577 | Lair:3   | Found a staircase to the Snake Pit.
 13438 | Lair:3   | Found a runed translucent door.
 13451 | Lair:3   | Reached ****** piety under Lugonu
 13472 | Lair:3   | Identified the +7 whip "Kenur" {venom, rF- Will+ Str+3}
 13482 | Lair:3   | Reached skill level 16 in Axes
 13521 | Lair:3   | Found a runed translucent gate.
 13521 | Lair:3   | Found a runed translucent gate.
 13521 | Lair:3   | Found a runed translucent gate.
 13521 | Lair:3   | Found a runed translucent gate.
 13522 | Lair:3   | Found a runed translucent gate.
 13524 | Lair:3   | Found a runed translucent gate.
 14495 | Lair:3   | Reached skill level 17 in Axes
 14853 | Lair:4   | Gained mutation: You tend to lose your temper in combat.
                  | [potion of mutation]
 14853 | Lair:4   | Gained mutation: Your magical capacity is low. (-10% MP)
                  | [potion of mutation]
 14854 | Lair:4   | Lost mutation: Your magical capacity is low. (-10% MP)
                  | [potion of mutation]
 14854 | Lair:4   | Lost mutation: You tend to lose your temper in combat.
                  | [potion of mutation]
 14854 | Lair:4   | Gained mutation: Your natural rate of healing is unusually
                  | fast. [potion of mutation]
 14854 | Lair:4   | Gained mutation: Your flesh is heat resistant. (rF+)
                  | [potion of mutation]
 14854 | Lair:4   | Gained mutation: You are agile. (Dex +2) [potion of
                  | mutation]
 14972 | Lair:4   | Reached XP level 14. HP: 107/120 MP: 19/23
 14984 | Lair:4   | Found a staircase to the Shoals.
 15533 | Lair:5   | Noticed Sonja
 15539 | Lair:5   | Killed Sonja
 16345 | Lair:6   | Entered Level 6 of the Lair of Beasts
 16629 | Lair:6   | Found a staircase to the Slime Pits.
 16630 | Lair:6   | Found a viscous altar of Jiyva.
 17403 | Lair:6   | Found a runed translucent door.
 17463 | Lair:6   | Paralysed by a hornet for 3 turns
 17621 | Lair:6   | Reached XP level 15. HP: 111/135 MP: 19/24
 17985 | D:12     | Noticed Nessos
 17994 | D:12     | Killed Nessos
 18239 | D:12     | HP: 3/135 [enormous slime creature (48)]
 18245 | D:13     | HP: 9/201 [burnt (3)]
 18247 | D:13     | Shot with an arrow by a deep elf archer

Illustrated notes

Levels and vault maps discovered:
D:1:      evilmike_arrival_hilbert_curve, layout_basic,
          minmay_misc_feat_more_columns, minmay_pentomino_t4
D:2:      layout_loops_ring, shapermc_ecumenical_altar_notcrosses, basic_altar,
          hangedman_decor_opposing, uniq_robin
D:3:      layout_rooms, hangedman_decor_push
D:4:      layout_loops_ring, minmay_temple_entry_proselytizer, uniq_ijyb
D:5:      layout_rooms, lemuel_mausoleum_altar_yredelemnul, uniq_sigmund,
          uniq_prince_ribbit1, uniq_blork_the_orc, uniq_grinder
D:6:      layout_basic
D:7:      layout_basic, st_stairs_2, kennysheep_small_square
D:8:      layout_cave_pools, minmay_lizard_king
D:9:      layout_stronghold
D:10:     layout_cave_pools, hiddenorc1_lemuel
D:11:     layout_loops_cross, lair_entry_dummy, serial_shops,
          nicolae_inconvenience_store, nicolae_shop_overgrown_old_shop,
          st_stairs_1
D:12:     layout_rooms, uniq_nessos
D:13:     layout_loops_corners, david_vaults_3, gauntlet_entry_generic,
          water_boxes_lemuel, uniq_jorgrun
Lair:1:   layout_chaotic_city, st_stairs_11, grunt_megastairs_1
Lair:2:   layout_long_grid
Lair:3:   gammafunk_indiana_jones, layout_cave_pods,
          guppyfry_snake_entry_garden, evilmike_ambush
          [evilmike_ambush_outer_corners, evilmike_ambush_inner_cross]
Lair:4:   layout_cave_shapes, elwin_shoals_entry_rocks,
          grunt_forest_large_clearings
Lair:5:   layout_regular_city, uniq_sonja
Lair:6:   guppyfry_lair_end_dragon, layout_regular_city, wormcave,
          slime_altar_1, grunt_megastairs_3

Skill      XL: |  1  2  3  4  5  6  7  8  9 10 11 12 13 14 15 |
---------------+----------------------------------------------+-----
Axes           | 3 4 12 13 14 17 | 17.8
Invocations    | 3 11 12 13 | 13.4
Fighting       | 7 11 14 | 14.9
Evocations     | 8 |  8.4
Armour         | |  1.5
Dodging        | |  0.7

Action                   |  1- 3 |  4- 6 |  7- 9 | 10-12 | 13-15 || total
-------------------------+-------+-------+-------+-------+-------++-------
Melee: Hand axe          |   112 |    23 |       |       |       ||   135
       Tailslap          |     9 |    10 |    20 |    44 |    84 ||   167
       Punch             |     1 |       |       |       |       ||     1
       Dagger            |       |    16 |       |       |       ||    16
       Executioner's axe |       |    26 |   145 |   291 |   458 ||   920
       War axe           |       |       |       |     5 |    23 ||    28
Invok: Bend Space        |       |       |       |     2 |     5 ||     7
       Banish            |       |       |       |     2 |     5 ||     7
 Abil: Rolling Charge    |    25 |    22 |    42 |   100 |    98 ||   287
Evoke: Wand              |       |       |       |     3 |     1 ||     4
  Use: Scroll            |       |     8 |     3 |     9 |    11 ||    31
       Potion            |       |     6 |       |       |     7 ||    13
 Stab: Petrifying        |       |       |       |       |     1 ||     1
       Petrified         |       |       |       |       |     1 ||     1
Armor: Leather armour    |    72 |    26 |    23 |       |       ||   121
       Acid dragon scale |       |       |    28 |   129 |   201 ||   358
Dodge: Dodged            |    63 |    23 |    54 |   115 |   335 ||   590
